Chicago Black Hawks vs Winnipeg Jets
(R1)
Created - Thursday, September 12, 2024 at 09:09
Goals
|
| Chicago Black Hawks |
3 |
0 |
0 |
3 |
| Winnipeg Jets |
1 |
0 |
0 |
1 |
|
Shots
|
| Chicago Black Hawks |
17 |
9 |
14 |
40 |
| Winnipeg Jets |
7 |
7 |
4 |
18 |
|
1st period
1. Chicago Black Hawks , Filip Forsberg 12 (Bo Horvat 16, Alex DeBrincat 4) at 4:33 (PP)
2. Chicago Black Hawks , Brayden Point 10 (Sidney Crosby 12) at 7:53 (PP)
3. Winnipeg Jets , Connor McDavid 10 (Alexis Lafreniere 11) at 9:09
4. Chicago Black Hawks , Kevin Fiala 5 (Lucas Raymond 4) at 19:35
Penalties :
Brayden Pachal (WPG) for Tripping (Minor) at 3:47, Joel Armia (WPG) for Cross-checking (Minor) at 5:59, Oliver Ekman-Larsson (WPG) for Holding (Minor) at 7:38, Brandon Hagel (CHI) for Interference (Minor) at 8:45
2nd period
No Goal
Penalties :
Adam Lowry (WPG) for Hooking (Minor) at 2:32, Barclay Goodrow (WPG) for Interference (Minor) at 7:53, Brayden Pachal (WPG) for Unsportsmanlike conduct (Major / Game Misconduct) at 15:28, Dylan Samberg (WPG) for Tripping (Minor) at 17:32
3rd period
No Goal
Penalties :
Mason Appleton (WPG) for Tripping (Minor) at 0:54, Alexis Lafreniere (WPG) for Slashing (Minor) at 1:29, Filip Hronek (CHI) for Roughing (Minor) at 9:28, Ridly Greig (WPG) for Hooking (Minor) at 11:48, Tom Wilson (WPG) for Slashing (Minor) at 12:49
Goalie Stats
Thatcher Demko (CHI), 17 saves from 18 shots - (0.944), W, 15-4-0, 60:00 minutes
Martin Jones (WPG), 37 saves from 40 shots - (0.925), L, 3-2-1, 60:00 minutes
Players Stats for Chicago Black Hawks
Player Name G A P +/- PIM S H SB GA TA FO MP PP MP PK MP
------------------------------------------------------------------------------------
Alex DeBrincat 0 1 1 0 0 1 3 0 0 0 0/1 7:48 1:16 0:00
Bo Horvat 0 1 1 0 0 5 1 0 0 0 14/20 19:07 8:59 0:00
Brandon Hagel 0 0 0 0 2 0 1 0 0 0 0/0 19:26 8:36 0:57
Brayden Point 1 0 1 0 0 6 0 0 0 0 0/0 19:58 8:44 0:10
Caleb Jones 0 0 0 0 0 1 0 1 0 1 0/0 9:53 0:00 0:00
Chris Kreider 0 0 0 0 0 2 1 2 0 0 0/0 19:11 8:13 0:00
Devon Toews 0 0 0 -1 0 2 4 1 0 0 0/0 26:02 9:17 1:18
Filip Forsberg 1 0 1 0 0 3 1 0 0 1 0/1 19:07 8:59 0:00
Filip Hronek 0 0 0 -1 2 1 1 1 0 0 0/0 20:41 9:17 0:00
Jamie Benn 0 0 0 0 0 3 4 0 0 0 7/10 12:48 0:00 1:41
Kevin Fiala 1 0 1 0 0 4 2 1 0 0 0/1 11:15 0:00 0:08
Lucas Raymond 0 1 1 1 0 3 1 1 0 0 0/1 11:47 0:20 0:28
Marcus Pettersson 0 0 0 1 0 0 0 1 0 1 0/0 14:44 0:00 1:48
Nicholas Paul 0 0 0 0 0 0 1 1 0 0 4/7 7:47 0:00 1:15
Ryan Hartman 0 0 0 0 0 0 2 0 0 0 0/0 7:59 0:17 1:33
Seth Jones 0 0 0 0 0 3 0 0 0 1 0/0 25:41 8:46 1:26
Sidney Crosby 0 1 1 0 0 5 3 0 0 0 10/19 19:27 8:44 0:00
Travis Sanheim 0 0 0 1 0 1 0 0 0 2 0/0 23:19 8:46 1:40
Players Stats for Winnipeg Jets
Player Name G A P +/- PIM S H SB GA TA FO MP PP MP PK MP
------------------------------------------------------------------------------------
Adam Lowry 0 0 0 0 2 1 5 1 0 0 7/15 19:01 1:40 5:47
Alexis Lafreniere 0 1 1 1 2 2 1 0 1 0 0/0 19:17 1:26 5:41
Andre Burakovsky 0 0 0 -1 0 0 0 0 0 0 0/0 9:03 0:00 0:00
Barclay Goodrow 0 0 0 0 2 0 3 0 0 0 0/2 10:59 0:00 0:00
Brayden Pachal 0 0 0 0 17 0 1 1 0 0 0/0 7:58 0:00 0:00
Cam Atkinson 0 0 0 0 0 0 0 0 1 0 0/0 7:41 0:00 0:51
Connor McDavid 1 0 1 1 0 5 1 1 0 0 12/25 21:17 1:26 8:37
Dylan Samberg 0 0 0 0 2 0 4 0 0 0 0/0 21:11 0:08 7:47
Jason Zucker 0 0 0 -1 0 0 2 0 0 0 0/3 12:34 0:00 2:55
Joel Armia 0 0 0 0 2 3 1 0 0 0 0/1 12:46 1:40 0:00
Mason Appleton 0 0 0 -1 2 1 1 0 0 0 2/7 10:53 1:40 0:04
Olen Zellweger 0 0 0 0 0 1 0 0 0 0 0/0 15:42 1:57 2:24
Oliver Ekman-Larsson 0 0 0 0 2 2 5 1 0 0 0/0 25:40 2:05 8:04
Oliver Kylington 0 0 0 0 0 0 0 1 0 0 0/0 25:20 1:01 8:56
Olli Maatta 0 0 0 0 0 0 3 3 0 0 0/0 23:21 1:09 8:44
Ridly Greig 0 0 0 0 2 0 2 0 1 0 1/1 6:57 0:00 0:04
Sam Steel 0 0 0 0 0 0 0 0 1 0 0/1 7:04 0:00 0:24
Tom Wilson 0 0 0 0 2 3 2 0 2 0 3/5 19:34 1:18 7:14
3 Stars
1 - Kevin Fiala (CHI)
2 - Filip Forsberg (CHI)
3 - Connor McDavid (WPG)
Power Play
Chicago Black Hawks - 2 on 11 Attempt(s) - 18.18%
Winnipeg Jets - 0 on 2 Attempt(s) - 0.00%
Penalty Kill
Chicago Black Hawks - 2 on 2 Attempt(s) - 100.00%
- Score 0 goal in Penalty Kill
Winnipeg Jets - 9 on 11 Attempt(s) - 81.82%
- Score 0 goal in Penalty Kill
Team Stat
Chicago Black Hawks - Hits : 25 - Faceoff Wins : 35 - Blocked Shots : 9 - Penalty Minutes : 4
Winnipeg Jets - Hits : 31 - Faceoff Wins : 25 - Blocked Shots : 8 - Penalty Minutes : 35
Official
Referees : Justin St. Pierre and Carter Sandlak
Linesman : Ryan Galloway and Shandor Alphonso
Game Notes
Brayden Pachal (WPG) for Unsportsmanlike conduct (Major / Game Misconduct) at 15:28
Brayden Pachal ejected from game at 15:28 of 2nd period
Brayden Pachal from Winnipeg Jets is suspended for 2 game(s)
Finance
Level 1 -- Attendance: 5977 (99.62%) -- Ticket Income $549,884
Level 2 -- Attendance: 4606 (92.12%) -- Ticket Income $253,330
Level 3 -- Attendance: 3000 (100.00%) -- Ticket Income $90,000
Level 4 -- Attendance: 4769 (95.38%) -- Ticket Income $104,918
Luxury Box -- Attendance: 1000 (100.00%) -- Ticket Income $190,000
Game was played at the MTS Centre.
Total Attendance: 19352 (96.76%)
Total Ticket Income: $1,188,132
Other Income: $415,846
Total Income: $1,603,978
Chicago Black Hawks
5 vs 5 Forward
Center Left Wing Right Wing Time % Phy DF OF
1 Sidney Crosby Chris Kreider Brayden Point 30 0 1 4
2 Bo Horvat Filip Forsberg Brandon Hagel 30 0 2 3
3 Jamie Benn Kevin Fiala Lucas Raymond 25 0 1 4
4 Nicholas Paul Alex DeBrincat Ryan Hartman 15 0 2 3
5 vs 5 Defense
Defense Defense Time % Phy DF OF
1 Devon Toews Seth Jones 36 0 3 2
2 Travis Sanheim Marcus Pettersson 34 0 3 2
3 Filip Hronek Caleb Jones 20 0 4 1
4 Seth Jones Devon Toews 10 0 4 1
PowerPlay Forward
Center Left Wing Right Wing Time % Phy DF OF
1 Sidney Crosby Brandon Hagel Brayden Point 50 0 0 5
2 Bo Horvat Filip Forsberg Chris Kreider 50 0 0 5
PowerPlay Defense
Defense Defense Time % Phy DF OF
1 Devon Toews Filip Hronek 50 0 1 4
2 Travis Sanheim Seth Jones 50 0 1 4
Penalty Kill 4 Players Forward
Center Wing Time % Phy DF OF
1 Jamie Benn Ryan Hartman 50 0 5 0
2 Nicholas Paul Brandon Hagel 50 0 5 0
Penalty Kill 4 Players Defense
Defense Defense Time % Phy DF OF
1 Marcus Pettersson Travis Sanheim 50 0 5 0
2 Devon Toews Seth Jones 50 0 5 0
Penalty Kill - 3 Players Forward
Forward Time % Phy DF OF
1 Ryan Hartman 50 0 5 0
2 Nicholas Paul 50 0 5 0
Penalty Kill - 3 Players Defense
Defense Defense Time % Phy DF OF
1 Travis Sanheim Devon Toews 50 0 5 0
2 Filip Hronek Marcus Pettersson 50 0 5 0
4 vs 4 Forward
Center Wing Time % Phy DF OF
1 Jamie Benn Kevin Fiala 50 0 2 3
2 Nicholas Paul Alex DeBrincat 50 1 1 3
4 vs 4 Defense
Defense Defense Time % Phy DF OF
1 Devon Toews Filip Hronek 50 0 3 2
2 Marcus Pettersson Seth Jones 50 0 3 2
Last Minutes Offensive
Center Left Wing Right Wing Defense Defense
Sidney Crosby Chris Kreider Brayden Point Devon Toews Filip Hronek
Last Minutes Defensive
Center Left Wing Right Wing Defense Defense
Nicholas Paul Brandon Hagel Ryan Hartman Devon Toews Travis Sanheim
Goaltenders
Starting : Thatcher Demko
Backup : Adin Hill
Extra Forwards
Normal : Alex DeBrincat, Lucas Raymond, Kevin Fiala - PP : Alex DeBrincat, Lucas Raymond - PK : Brandon Hagel
Extra Defensemen
Normal : Filip Hronek, Marcus Pettersson, Devon Toews - PP : Travis Sanheim - PK : Devon Toews, Filip Hronek
Penalty Shots
Lucas Raymond, Alex DeBrincat, Sidney Crosby, Brayden Point, Devon Toews
Scratches
Cale Makar (Healthy)
Winnipeg Jets
5 vs 5 Forward
Center Left Wing Right Wing Time % Phy DF OF
1 Connor McDavid Alexis Lafreniere Tom Wilson 30 1 2 2
2 Adam Lowry Joel Armia Barclay Goodrow 30 1 2 2
3 Mason Appleton Jason Zucker Andre Burakovsky 25 1 2 2
4 Sam Steel Ridly Greig Cam Atkinson 15 1 2 2
5 vs 5 Defense
Defense Defense Time % Phy DF OF
1 Oliver Ekman-Larsson Oliver Kylington 30 1 2 2
2 Dylan Samberg Olli Maatta 30 1 2 2
3 Brayden Pachal Olen Zellweger 25 1 2 2
4 Oliver Ekman-Larsson Oliver Kylington 15 1 2 2
PowerPlay Forward
Center Left Wing Right Wing Time % Phy DF OF
1 Connor McDavid Alexis Lafreniere Tom Wilson 50 1 2 2
2 Adam Lowry Joel Armia Mason Appleton 50 1 2 2
PowerPlay Defense
Defense Defense Time % Phy DF OF
1 Oliver Ekman-Larsson Olen Zellweger 50 1 2 2
2 Oliver Kylington Olli Maatta 50 1 2 2
Penalty Kill 4 Players Forward
Center Wing Time % Phy DF OF
1 Connor McDavid Tom Wilson 50 1 2 2
2 Alexis Lafreniere Adam Lowry 50 1 2 2
Penalty Kill 4 Players Defense
Defense Defense Time % Phy DF OF
1 Oliver Ekman-Larsson Oliver Kylington 50 1 2 2
2 Dylan Samberg Olli Maatta 50 1 2 2
Penalty Kill - 3 Players Forward
Forward Time % Phy DF OF
1 Connor McDavid 50 1 2 2
2 Tom Wilson 50 1 2 2
Penalty Kill - 3 Players Defense
Defense Defense Time % Phy DF OF
1 Oliver Ekman-Larsson Oliver Kylington 50 1 2 2
2 Dylan Samberg Olli Maatta 50 1 2 2
4 vs 4 Forward
Center Wing Time % Phy DF OF
1 Connor McDavid Alexis Lafreniere 50 1 2 2
2 Tom Wilson Jason Zucker 50 1 2 2
4 vs 4 Defense
Defense Defense Time % Phy DF OF
1 Oliver Ekman-Larsson Oliver Kylington 50 1 2 2
2 Dylan Samberg Olli Maatta 50 1 2 2
Last Minutes Offensive
Center Left Wing Right Wing Defense Defense
Connor McDavid Alexis Lafreniere Tom Wilson Oliver Ekman-Larsson Olen Zellweger
Last Minutes Defensive
Center Left Wing Right Wing Defense Defense
Connor McDavid Alexis Lafreniere Tom Wilson Oliver Ekman-Larsson Oliver Kylington
Goaltenders
Starting : Martin Jones
Backup : Ukko-Pekka Luukkonen
Extra Forwards
Normal : Ridly Greig, Adam Lowry, Jason Zucker - PP : Ridly Greig, Adam Lowry - PK : Jason Zucker
Extra Defensemen
Normal : Brayden Pachal, Olen Zellweger, Dylan Samberg - PP : Brayden Pachal - PK : Olen Zellweger, Dylan Samberg
Penalty Shots
Connor McDavid, Ridly Greig, Alexis Lafreniere, Tom Wilson, Adam Lowry
Scratches
Connor Bedard (Healthy), Nate Schmidt (Healthy)
% Time on Ice - Chicago Black Hawks
Lines # - Real PCT - Wanted PCT - Time Play
Normal Forward
1 - 28% - 30% - 10:43
2 - 28% - 30% - 10:29
3 - 28% - 25% - 10:38
4 - 16% - 15% - 6:09
Normal Defense
1 - 37% - 36% - 13:55
2 - 36% - 34% - 13:45
3 - 26% - 20% - 9:53
4 - 1% - 10% - 0:26
PP Forward
1 - 49% - 50% - 8:47
2 - 51% - 50% - 9:16
PP Defense
1 - 51% - 50% - 9:17
2 - 49% - 50% - 8:46
PK Forward
1 - 54% - 50% - 1:41
2 - 46% - 50% - 1:25
PK Defense
1 - 54% - 50% - 1:40
2 - 46% - 50% - 1:26
PK3 Forward
1 - 0% - 50%
2 - 0% - 50%
PK3 Defense
1 - 0% - 50%
2 - 0% - 50%
44 Forward
1 - 56% - 50% - 0:29
2 - 44% - 50% - 0:23
44 Defense
1 - 46% - 50% - 0:24
2 - 54% - 50% - 0:28
Last Minute Offensive - 0:00
Last Minute Defensive - 0:00
Total
Forward - 60:00
Defense - 60:00
|
% Time on Ice - Winnipeg Jets
Lines # - Real PCT - Wanted PCT - Time Play
Normal Forward
1 - 28% - 30% - 10:42
2 - 30% - 30% - 11:35
3 - 24% - 25% - 9:03
4 - 18% - 15% - 6:39
Normal Defense
1 - 28% - 30% - 10:41
2 - 33% - 30% - 12:26
3 - 32% - 25% - 12:05
4 - 7% - 15% - 2:47
PP Forward
1 - 46% - 50% - 1:26
2 - 54% - 50% - 1:40
PP Defense
1 - 63% - 50% - 1:57
2 - 37% - 50% - 1:09
PK Forward
1 - 49% - 50% - 6:33
2 - 51% - 50% - 6:54
PK Defense
1 - 53% - 50% - 7:05
2 - 47% - 50% - 6:22
PK3 Forward
1 - 50% - 50% - 2:17
2 - 50% - 50% - 2:19
PK3 Defense
1 - 40% - 50% - 1:51
2 - 60% - 50% - 2:45
44 Forward
1 - 62% - 50% - 0:32
2 - 38% - 50% - 0:20
44 Defense
1 - 50% - 50% - 0:26
2 - 50% - 50% - 0:26
Last Minute Offensive - 0:00
Last Minute Defensive - 0:00
Total
Forward - 60:00
Defense - 60:00
|
Play-by-Play
1st period
0:01 of 1st period - Connor McDavid wins face-off versus Sidney Crosby in neutral zone.
0:06 of 1st period - Snap shot by Connor McDavid.
0:06 of 1st period - Deflect By Tom Wilson.
0:06 of 1st period - Shot Blocked by Chris Kreider.
0:06 of 1st period - Puck is out of play.
0:07 of 1st period - Sidney Crosby wins face-off versus Tom Wilson in Chicago Black Hawks zone.
0:54 of 1st period - Wrist shot by Sidney Crosby.
0:54 of 1st period - Stopped by Martin Jones with a rebound.
0:56 of 1st period - Snap shot by Seth Jones.
0:56 of 1st period - Stopped by Martin Jones with a rebound.
1:41 of 1st period - Slapshot by Brayden Point.
1:41 of 1st period - Stopped by Martin Jones with a rebound.
1:43 of 1st period - Slapshot by Seth Jones.
1:43 of 1st period - Shot Blocked by Oliver Ekman-Larsson.
2:04 of 1st period - Slapshot by Brayden Point.
2:04 of 1st period - Shot Misses the Net.
2:22 of 1st period - Wrist shot by Connor McDavid.
2:22 of 1st period - Shot Misses the Net.
2:24 of 1st period - Wrist shot by Alexis Lafreniere.
2:24 of 1st period - Shot Misses the Net.
2:34 of 1st period - Snap shot by Alexis Lafreniere.
2:34 of 1st period - Deflect By Brayden Point.
2:34 of 1st period - Stopped by Thatcher Demko without a rebound.
2:35 of 1st period - Bo Horvat wins face-off versus Barclay Goodrow in Chicago Black Hawks zone.
2:43 of 1st period - Icing by Marcus Pettersson.
2:44 of 1st period - Adam Lowry wins face-off versus Bo Horvat in Chicago Black Hawks zone.
2:45 of 1st period - Snap shot by Joel Armia.
2:45 of 1st period - Stopped by Thatcher Demko without a rebound.
2:46 of 1st period - Jamie Benn wins face-off versus Mason Appleton in Chicago Black Hawks zone.
2:46 of 1st period - Jamie Benn is hit by Jason Zucker.
3:12 of 1st period - Bo Horvat is hit by Adam Lowry.
3:38 of 1st period - Brayden Pachal is hit by Nicholas Paul and loses puck.
3:47 of 1st period - Minor Penalty to Brayden Pachal for Tripping.
3:48 of 1st period - Bo Horvat wins face-off versus Jason Zucker in Winnipeg Jets zone.
3:57 of 1st period - Snap shot by Bo Horvat.
3:57 of 1st period - Stopped by Martin Jones without a rebound.
3:58 of 1st period - Bo Horvat wins face-off versus Jason Zucker in Winnipeg Jets zone.
3:59 of 1st period - Wrist shot by Alex DeBrincat.
3:59 of 1st period - Shot Misses the Net.
4:33 of 1st period - Wrist shot by Filip Forsberg.
4:33 of 1st period - Goal by Filip Forsberg - Chicago Black Hawks : 1 - Winnipeg Jets : 0.
4:34 of 1st period - Jamie Benn wins face-off versus Adam Lowry in neutral zone.
5:04 of 1st period - Bo Horvat is hit by Mason Appleton and loses puck.
5:25 of 1st period - Nicholas Paul is hit by Oliver Ekman-Larsson and loses puck.
5:34 of 1st period - Olen Zellweger is hit by Ryan Hartman and loses puck.
5:59 of 1st period - Minor Penalty to Joel Armia for Cross-checking.
6:00 of 1st period - Connor McDavid wins face-off versus Sidney Crosby in Winnipeg Jets zone.
6:09 of 1st period - Wrist shot by Brayden Point.
6:09 of 1st period - Stopped by Martin Jones with a rebound.
6:11 of 1st period - Snap shot by Sidney Crosby.
6:11 of 1st period - Shot Blocked by Connor McDavid.
6:13 of 1st period - Slapshot by Filip Hronek.
6:13 of 1st period - Deflect By Sidney Crosby.
6:13 of 1st period - Stopped by Martin Jones with a rebound.
6:15 of 1st period - Slapshot by Filip Hronek.
6:15 of 1st period - Stopped by Martin Jones without a rebound.
6:16 of 1st period - Connor McDavid wins face-off versus Filip Forsberg in Winnipeg Jets zone.
6:57 of 1st period - Snap shot by Chris Kreider.
6:57 of 1st period - Shot Misses the Net.
6:59 of 1st period - Slapshot by Devon Toews.
6:59 of 1st period - Shot Blocked by Olli Maatta.
7:29 of 1st period - Snap shot by Filip Forsberg.
7:29 of 1st period - Deflect By Bo Horvat.
7:29 of 1st period - Shot Misses the Net.
7:29 of 1st period - Puck is out of play.
7:30 of 1st period - Sidney Crosby wins face-off versus Connor McDavid in Winnipeg Jets zone.
7:38 of 1st period - Minor Penalty to Oliver Ekman-Larsson for Holding.
7:39 of 1st period - Sidney Crosby wins face-off versus Connor McDavid in Winnipeg Jets zone.
7:39 of 1st period - Wrist shot by Brayden Point.
7:39 of 1st period - Stopped by Martin Jones with a rebound.
7:41 of 1st period - Slapshot by Travis Sanheim.
7:41 of 1st period - Stopped by Martin Jones with a rebound.
7:43 of 1st period - Slapshot by Seth Jones.
7:43 of 1st period - Stopped by Martin Jones without a rebound.
7:44 of 1st period - Sidney Crosby wins face-off versus Connor McDavid in Winnipeg Jets zone.
7:53 of 1st period - Snap shot by Brayden Point.
7:53 of 1st period - Goal by Brayden Point - Chicago Black Hawks : 2 - Winnipeg Jets : 0.
7:54 of 1st period - Sidney Crosby wins face-off versus Connor McDavid in neutral zone.
8:45 of 1st period - Minor Penalty to Brandon Hagel for Interference.
8:46 of 1st period - Jamie Benn wins face-off versus Connor McDavid in Chicago Black Hawks zone.
8:53 of 1st period - Snap shot by Jamie Benn.
8:53 of 1st period - Stopped by Martin Jones with a rebound.
8:55 of 1st period - Snap shot by Devon Toews.
8:55 of 1st period - Stopped by Martin Jones without a rebound.
8:56 of 1st period - Connor McDavid wins face-off versus Kevin Fiala in Winnipeg Jets zone.
9:09 of 1st period - Wrist shot by Connor McDavid.
9:09 of 1st period - Goal by Connor McDavid - Chicago Black Hawks : 2 - Winnipeg Jets : 1.
9:10 of 1st period - Tom Wilson wins face-off versus Nicholas Paul in neutral zone.
9:15 of 1st period - Wrist shot by Jason Zucker.
9:15 of 1st period - Shot Misses the Net.
9:38 of 1st period - Penalty to Oliver Ekman-Larsson is over, Oliver Ekman-Larsson is back on ice.
9:45 of 1st period - Snap shot by Alexis Lafreniere.
9:45 of 1st period - Stopped by Thatcher Demko without a rebound.
9:46 of 1st period - Nicholas Paul wins face-off versus Adam Lowry in Chicago Black Hawks zone.
9:46 of 1st period - Nicholas Paul is hit by Adam Lowry.
10:45 of 1st period - Penalty to Brandon Hagel is over, Brandon Hagel is back on ice.
11:35 of 1st period - Filip Hronek is hit by Brayden Pachal and loses puck.
11:47 of 1st period - Icing by Jamie Benn.
11:48 of 1st period - Adam Lowry wins face-off versus Jamie Benn in Chicago Black Hawks zone.
11:57 of 1st period - Snap shot by Adam Lowry.
11:57 of 1st period - Shot Misses the Net.
11:59 of 1st period - Wrist shot by Adam Lowry.
11:59 of 1st period - Shot Blocked by Marcus Pettersson.
12:01 of 1st period - Slapshot by Joel Armia.
12:01 of 1st period - Shot Misses the Net.
12:36 of 1st period - Wrist shot by Connor McDavid.
12:36 of 1st period - Stopped by Thatcher Demko with a rebound.
12:38 of 1st period - Wrist shot by Connor McDavid.
12:38 of 1st period - Stopped by Thatcher Demko with a rebound.
13:31 of 1st period - Snap shot by Kevin Fiala.
13:31 of 1st period - Shot Misses the Net.
13:33 of 1st period - Wrist shot by Kevin Fiala.
13:33 of 1st period - Stopped by Martin Jones with a rebound.
14:59 of 1st period - Connor McDavid is hit by Alex DeBrincat.
15:40 of 1st period - Snap shot by Adam Lowry.
15:40 of 1st period - Shot Misses the Net.
15:42 of 1st period - Snap shot by Barclay Goodrow.
15:42 of 1st period - Shot Misses the Net.
15:44 of 1st period - Slapshot by Dylan Samberg.
15:44 of 1st period - Shot Misses the Net.
15:46 of 1st period - Slapshot by Dylan Samberg.
15:46 of 1st period - Shot Misses the Net.
15:56 of 1st period - Oliver Ekman-Larsson is hit by Kevin Fiala.
16:38 of 1st period - Bo Horvat is hit by Oliver Ekman-Larsson and loses puck.
17:03 of 1st period - Filip Hronek is hit by Barclay Goodrow and loses puck.
17:10 of 1st period - Caleb Jones is hit by Adam Lowry and loses puck.
17:21 of 1st period - Olli Maatta is hit by Kevin Fiala and loses puck.
17:28 of 1st period - Jamie Benn is hit by Ridly Greig and loses puck.
17:39 of 1st period - Nicholas Paul is hit by Jason Zucker and loses puck.
17:44 of 1st period - Snap shot by Andre Burakovsky.
17:44 of 1st period - Shot Misses the Net.
17:46 of 1st period - Slapshot by Oliver Ekman-Larsson.
17:46 of 1st period - Shot Blocked by Caleb Jones.
18:12 of 1st period - Slapshot by Joel Armia.
18:12 of 1st period - Stopped by Thatcher Demko with a rebound.
18:32 of 1st period - Snap shot by Lucas Raymond.
18:32 of 1st period - Stopped by Martin Jones without a rebound.
18:33 of 1st period - Jamie Benn wins face-off versus Adam Lowry in Winnipeg Jets zone.
18:44 of 1st period - Wrist shot by Kevin Fiala.
18:44 of 1st period - Shot Blocked by Adam Lowry.
19:35 of 1st period - Snap shot by Kevin Fiala.
19:35 of 1st period - Goal by Kevin Fiala - Chicago Black Hawks : 3 - Winnipeg Jets : 1.
19:36 of 1st period - Bo Horvat wins face-off versus Adam Lowry in neutral zone.
19:39 of 1st period - Adam Lowry is hit by Filip Forsberg and loses puck.
Goals for this period are 3 for Chicago Black Hawks vs 1 for Winnipeg Jets.
Shots for this period are 17 for Chicago Black Hawks vs 7 for Winnipeg Jets.
2nd period
0:01 of 2nd period - Bo Horvat wins face-off versus Joel Armia in neutral zone.
0:06 of 2nd period - Wrist shot by Bo Horvat.
0:06 of 2nd period - Stopped by Martin Jones with a rebound.
0:15 of 2nd period - Slapshot by Joel Armia.
0:15 of 2nd period - Shot Misses the Net.
0:25 of 2nd period - Chris Kreider is hit by Tom Wilson and loses puck.
0:46 of 2nd period - Wrist shot by Mason Appleton.
0:46 of 2nd period - Stopped by Thatcher Demko without a rebound.
0:47 of 2nd period - Mason Appleton wins face-off versus Jamie Benn in Chicago Black Hawks zone.
0:54 of 2nd period - Wrist shot by Andre Burakovsky.
0:54 of 2nd period - Shot Blocked by Kevin Fiala.
1:20 of 2nd period - Wrist shot by Filip Forsberg.
1:20 of 2nd period - Shot Misses the Net.
2:25 of 2nd period - Snap shot by Andre Burakovsky.
2:25 of 2nd period - Shot Misses the Net.
2:27 of 2nd period - Snap shot by Olli Maatta.
2:27 of 2nd period - Deflect By Jason Zucker.
2:27 of 2nd period - Shot Misses the Net.
2:27 of 2nd period - Puck is out of play.
2:28 of 2nd period - Bo Horvat wins face-off versus Adam Lowry in Chicago Black Hawks zone.
2:32 of 2nd period - Minor Penalty to Adam Lowry for Hooking.
2:33 of 2nd period - Connor McDavid wins face-off versus Sidney Crosby in Winnipeg Jets zone.
2:59 of 2nd period - Filip Hronek is hit by Oliver Ekman-Larsson and loses puck.
3:36 of 2nd period - Bo Horvat is hit by Olli Maatta and loses puck.
4:32 of 2nd period - Penalty to Adam Lowry is over, Adam Lowry is back on ice.
5:44 of 2nd period - Wrist shot by Connor McDavid.
5:44 of 2nd period - Shot Blocked by Chris Kreider.
6:13 of 2nd period - Dylan Samberg is hit by Jamie Benn and loses puck.
6:23 of 2nd period - Off-side.
6:24 of 2nd period - Nicholas Paul wins face-off versus Connor McDavid in neutral zone.
6:34 of 2nd period - Alexis Lafreniere is hit by Alex DeBrincat and loses puck.
6:49 of 2nd period - Wrist shot by Adam Lowry.
6:49 of 2nd period - Shot Misses the Net.
6:51 of 2nd period - Slapshot by Joel Armia.
6:51 of 2nd period - Stopped by Thatcher Demko with a rebound.
7:37 of 2nd period - Snap shot by Chris Kreider.
7:37 of 2nd period - Deflect By Brayden Pachal.
7:37 of 2nd period - Stopped by Martin Jones without a rebound.
7:38 of 2nd period - Connor McDavid wins face-off versus Bo Horvat in Winnipeg Jets zone.
7:44 of 2nd period - Off-side.
7:45 of 2nd period - Bo Horvat wins face-off versus Adam Lowry in neutral zone.
7:53 of 2nd period - Minor Penalty to Barclay Goodrow for Interference.
7:54 of 2nd period - Connor McDavid wins face-off versus Sidney Crosby in Winnipeg Jets zone.
8:20 of 2nd period - Filip Forsberg is hit by Adam Lowry and loses puck.
9:03 of 2nd period - Connor McDavid is hit by Devon Toews.
9:45 of 2nd period - Olli Maatta is hit by Brandon Hagel and loses puck.
9:53 of 2nd period - Penalty to Barclay Goodrow is over, Barclay Goodrow is back on ice.
11:12 of 2nd period - Wrist shot by Cam Atkinson.
11:12 of 2nd period - Shot Blocked by Lucas Raymond.
11:14 of 2nd period - Snap shot by Oliver Ekman-Larsson.
11:14 of 2nd period - Stopped by Thatcher Demko without a rebound.
11:15 of 2nd period - Connor McDavid wins face-off versus Lucas Raymond in Chicago Black Hawks zone.
11:16 of 2nd period - Snap shot by Tom Wilson.
11:16 of 2nd period - Stopped by Thatcher Demko with a rebound.
11:36 of 2nd period - Icing by Sidney Crosby.
11:37 of 2nd period - Adam Lowry wins face-off versus Sidney Crosby in Chicago Black Hawks zone.
11:46 of 2nd period - Dylan Samberg is hit by Devon Toews and loses puck.
12:07 of 2nd period - Snap shot by Joel Armia.
12:07 of 2nd period - Shot Blocked by Devon Toews.
12:23 of 2nd period - Backhand shot by Brayden Point.
12:23 of 2nd period - Shot Blocked by Brayden Pachal.
12:25 of 2nd period - Slapshot by Devon Toews.
12:25 of 2nd period - Stopped by Martin Jones with a rebound.
12:27 of 2nd period - Slapshot by Seth Jones.
12:27 of 2nd period - Stopped by Martin Jones without a rebound.
12:28 of 2nd period - Bo Horvat wins face-off versus Connor McDavid in Winnipeg Jets zone.
12:33 of 2nd period - Slapshot by Bo Horvat.
12:33 of 2nd period - Stopped by Martin Jones without a rebound.
12:34 of 2nd period - Connor McDavid wins face-off versus Bo Horvat in Winnipeg Jets zone.
12:34 of 2nd period - Connor McDavid is hit by Bo Horvat.
12:53 of 2nd period - Icing by Oliver Ekman-Larsson.
12:54 of 2nd period - Sidney Crosby wins face-off versus Connor McDavid in Winnipeg Jets zone.
12:59 of 2nd period - Snap shot by Sidney Crosby.
12:59 of 2nd period - Stopped by Martin Jones with a rebound.
13:21 of 2nd period - Slapshot by Connor McDavid.
13:21 of 2nd period - Stopped by Thatcher Demko with a rebound.
13:23 of 2nd period - Slapshot by Oliver Ekman-Larsson.
13:23 of 2nd period - Stopped by Thatcher Demko without a rebound.
13:24 of 2nd period - Bo Horvat wins face-off versus Adam Lowry in Chicago Black Hawks zone.
13:51 of 2nd period - Dylan Samberg is hit by Jamie Benn and loses puck.
14:18 of 2nd period - Cam Atkinson is hit by Chris Kreider and loses puck.
14:55 of 2nd period - Snap shot by Adam Lowry.
14:55 of 2nd period - Stopped by Thatcher Demko without a rebound.
14:56 of 2nd period - Bo Horvat wins face-off versus Adam Lowry in Chicago Black Hawks zone.
15:14 of 2nd period - Wrist shot by Filip Forsberg.
15:14 of 2nd period - Stopped by Martin Jones with a rebound.
15:16 of 2nd period - Snap shot by Bo Horvat.
15:16 of 2nd period - Stopped by Martin Jones with a rebound.
15:28 of 2nd period - Major / Game Misconduct Penalty to Brayden Pachal for Unsportsmanlike conduct.
15:28 of 2nd period - Brayden Pachal is ejected from game.
15:29 of 2nd period - Tom Wilson wins face-off versus Sidney Crosby in Winnipeg Jets zone.
17:04 of 2nd period - Icing by Sidney Crosby.
17:05 of 2nd period - Connor McDavid wins face-off versus Sidney Crosby in Chicago Black Hawks zone.
17:32 of 2nd period - Minor Penalty to Dylan Samberg for Tripping.
17:33 of 2nd period - Tom Wilson wins face-off versus Sidney Crosby in Winnipeg Jets zone.
18:05 of 2nd period - Slapshot by Chris Kreider.
18:05 of 2nd period - Stopped by Martin Jones with a rebound.
19:32 of 2nd period - Penalty to Dylan Samberg is over, Dylan Samberg is back on ice.
19:45 of 2nd period - Alex DeBrincat is hit by Alexis Lafreniere and loses puck.
19:54 of 2nd period - Alexis Lafreniere is hit by Lucas Raymond and loses puck.
Goals for this period are 0 for Chicago Black Hawks vs 0 for Winnipeg Jets.
Shots for this period are 9 for Chicago Black Hawks vs 7 for Winnipeg Jets.
3rd period
0:01 of 3rd period - Connor McDavid wins face-off versus Sidney Crosby in neutral zone.
0:28 of 3rd period - Penalty to Brayden Pachal is over, Jason Zucker is send on ice.
0:39 of 3rd period - Snap shot by Brayden Point.
0:39 of 3rd period - Shot Misses the Net.
0:41 of 3rd period - Snap shot by Brandon Hagel.
0:41 of 3rd period - Shot Blocked by Oliver Kylington.
0:43 of 3rd period - Snap shot by Filip Hronek.
0:43 of 3rd period - Deflect By Sidney Crosby.
0:43 of 3rd period - Stopped by Martin Jones without a rebound.
0:44 of 3rd period - Jamie Benn wins face-off versus Mason Appleton in Winnipeg Jets zone.
0:54 of 3rd period - Minor Penalty to Mason Appleton for Tripping.
0:55 of 3rd period - Sidney Crosby wins face-off versus Connor McDavid in Winnipeg Jets zone.
1:29 of 3rd period - Minor Penalty to Alexis Lafreniere for Slashing.
1:30 of 3rd period - Sidney Crosby wins face-off versus Tom Wilson in Winnipeg Jets zone.
1:56 of 3rd period - Oliver Kylington is hit by Filip Hronek and loses puck.
2:39 of 3rd period - Devon Toews is hit by Dylan Samberg.
2:54 of 3rd period - Penalty to Mason Appleton is over, Mason Appleton is back on ice.
3:29 of 3rd period - Penalty to Alexis Lafreniere is over, Alexis Lafreniere is back on ice.
3:35 of 3rd period - Seth Jones is hit by Ridly Greig and loses puck.
4:46 of 3rd period - Sidney Crosby is hit by Dylan Samberg and loses puck.
5:01 of 3rd period - Ryan Hartman is hit by Barclay Goodrow and loses puck.
5:07 of 3rd period - Icing by Nicholas Paul.
5:08 of 3rd period - Nicholas Paul wins face-off versus Connor McDavid in Chicago Black Hawks zone.
5:22 of 3rd period - Snap shot by Tom Wilson.
5:22 of 3rd period - Stopped by Thatcher Demko without a rebound.
5:23 of 3rd period - Adam Lowry wins face-off versus Bo Horvat in Chicago Black Hawks zone.
5:24 of 3rd period - Wrist shot by Joel Armia.
5:24 of 3rd period - Shot Misses the Net.
5:32 of 3rd period - Snap shot by Bo Horvat.
5:32 of 3rd period - Stopped by Martin Jones with a rebound.
5:45 of 3rd period - Icing by Bo Horvat.
5:46 of 3rd period - Sidney Crosby wins face-off versus Connor McDavid in Chicago Black Hawks zone.
5:59 of 3rd period - Snap shot by Sidney Crosby.
5:59 of 3rd period - Stopped by Martin Jones without a rebound.
6:00 of 3rd period - Connor McDavid wins face-off versus Bo Horvat in Winnipeg Jets zone.
6:05 of 3rd period - Slapshot by Oliver Ekman-Larsson.
6:05 of 3rd period - Deflect By Connor McDavid.
6:05 of 3rd period - Stopped by Thatcher Demko without a rebound.
6:06 of 3rd period - Bo Horvat wins face-off versus Connor McDavid in Chicago Black Hawks zone.
6:32 of 3rd period - Snap shot by Lucas Raymond.
6:32 of 3rd period - Stopped by Martin Jones without a rebound.
6:33 of 3rd period - Adam Lowry wins face-off versus Jamie Benn in Winnipeg Jets zone.
6:33 of 3rd period - Adam Lowry is hit by Devon Toews.
7:09 of 3rd period - Mason Appleton is hit by Devon Toews and loses puck.
7:44 of 3rd period - Sidney Crosby is hit by Dylan Samberg and loses puck.
8:09 of 3rd period - Snap shot by Brayden Point.
8:09 of 3rd period - Shot Misses the Net.
8:27 of 3rd period - Snap shot by Tom Wilson.
8:27 of 3rd period - Stopped by Thatcher Demko without a rebound.
8:28 of 3rd period - Bo Horvat wins face-off versus Barclay Goodrow in Chicago Black Hawks zone.
8:54 of 3rd period - Jamie Benn is hit by Oliver Ekman-Larsson and loses puck.
9:19 of 3rd period - Slapshot by Mason Appleton.
9:19 of 3rd period - Shot Misses the Net.
9:21 of 3rd period - Wrist shot by Jason Zucker.
9:21 of 3rd period - Shot Blocked by Filip Hronek.
9:23 of 3rd period - Backhand shot by Olen Zellweger.
9:23 of 3rd period - Stopped by Thatcher Demko without a rebound.
9:24 of 3rd period - Adam Lowry wins face-off versus Bo Horvat in Chicago Black Hawks zone.
9:28 of 3rd period - Minor Penalty to Filip Hronek for Roughing.
9:29 of 3rd period - Adam Lowry wins face-off versus Nicholas Paul in Chicago Black Hawks zone.
9:55 of 3rd period - Connor McDavid is hit by Ryan Hartman and loses puck.
10:20 of 3rd period - Brandon Hagel is hit by Olli Maatta and loses puck.
11:28 of 3rd period - Penalty to Filip Hronek is over, Filip Hronek is back on ice.
11:36 of 3rd period - Wrist shot by Brayden Point.
11:36 of 3rd period - Stopped by Martin Jones with a rebound.
11:48 of 3rd period - Minor Penalty to Ridly Greig for Hooking.
11:49 of 3rd period - Bo Horvat wins face-off versus Connor McDavid in Winnipeg Jets zone.
12:06 of 3rd period - Wrist shot by Filip Forsberg.
12:06 of 3rd period - Stopped by Martin Jones with a rebound.
12:40 of 3rd period - Devon Toews is hit by Connor McDavid and loses puck.
12:49 of 3rd period - Minor Penalty to Tom Wilson for Slashing.
12:50 of 3rd period - Sidney Crosby wins face-off versus Jason Zucker in Winnipeg Jets zone.
12:51 of 3rd period - Wrist shot by Brayden Point.
12:51 of 3rd period - Stopped by Martin Jones with a rebound.
13:17 of 3rd period - Bo Horvat is hit by Olli Maatta and loses puck.
13:46 of 3rd period - Dylan Samberg is hit by Sidney Crosby and loses puck.
13:48 of 3rd period - Penalty to Ridly Greig is over, Ridly Greig is back on ice.
14:01 of 3rd period - Bo Horvat is hit by Adam Lowry and loses puck.
14:49 of 3rd period - Penalty to Tom Wilson is over, Tom Wilson is back on ice.
14:54 of 3rd period - Filip Forsberg is hit by Oliver Ekman-Larsson and loses puck.
15:01 of 3rd period - Filip Forsberg is hit by Joel Armia and loses puck.
15:18 of 3rd period - Ridly Greig is hit by Jamie Benn and loses puck.
15:33 of 3rd period - Jamie Benn is hit by Dylan Samberg and loses puck.
15:58 of 3rd period - Snap shot by Kevin Fiala.
15:58 of 3rd period - Stopped by Martin Jones with a rebound.
16:00 of 3rd period - Snap shot by Jamie Benn.
16:00 of 3rd period - Stopped by Martin Jones with a rebound.
16:02 of 3rd period - Slapshot by Caleb Jones.
16:02 of 3rd period - Stopped by Martin Jones with a rebound.
16:04 of 3rd period - Slapshot by Kevin Fiala.
16:04 of 3rd period - Stopped by Martin Jones with a rebound.
16:06 of 3rd period - Wrist shot by Caleb Jones.
16:06 of 3rd period - Shot Misses the Net.
16:18 of 3rd period - Wrist shot by Lucas Raymond.
16:18 of 3rd period - Shot Blocked by Olli Maatta.
16:20 of 3rd period - Snap shot by Jamie Benn.
16:20 of 3rd period - Stopped by Martin Jones without a rebound.
16:21 of 3rd period - Mason Appleton wins face-off versus Alex DeBrincat in Winnipeg Jets zone.
16:21 of 3rd period - Mason Appleton is hit by Alex DeBrincat.
16:31 of 3rd period - Wrist shot by Jason Zucker.
16:31 of 3rd period - Deflect By Andre Burakovsky.
16:31 of 3rd period - Shot Blocked by Nicholas Paul.
16:31 of 3rd period - Puck is out of play.
16:32 of 3rd period - Nicholas Paul wins face-off versus Mason Appleton in Chicago Black Hawks zone.
16:43 of 3rd period - Wrist shot by Alex DeBrincat.
16:43 of 3rd period - Stopped by Martin Jones with a rebound.
16:57 of 3rd period - Olen Zellweger is hit by Sidney Crosby and loses puck.
17:48 of 3rd period - Nicholas Paul is hit by Barclay Goodrow and loses puck.
18:04 of 3rd period - Oliver Ekman-Larsson is hit by Sidney Crosby and loses puck.
18:17 of 3rd period - Bo Horvat is hit by Tom Wilson and loses puck.
18:54 of 3rd period - Icing by Oliver Kylington.
18:55 of 3rd period - Ridly Greig wins face-off versus Nicholas Paul in Winnipeg Jets zone.
19:21 of 3rd period - Oliver Kylington is hit by Jamie Benn and loses puck.
19:39 of 3rd period - Icing by Marcus Pettersson.
19:40 of 3rd period - Bo Horvat wins face-off versus Sam Steel in Chicago Black Hawks zone.
19:47 of 3rd period - Snap shot by Filip Forsberg.
19:47 of 3rd period - Deflect By Bo Horvat.
19:47 of 3rd period - Shot Blocked by Olli Maatta.
19:47 of 3rd period - Puck is out of play.
19:48 of 3rd period - Jamie Benn wins face-off versus Mason Appleton in Winnipeg Jets zone.
19:51 of 3rd period - Wrist shot by Lucas Raymond.
19:51 of 3rd period - Stopped by Martin Jones without a rebound.
19:52 of 3rd period - Jamie Benn wins face-off versus Mason Appleton in Winnipeg Jets zone.
Goals for this period are 0 for Chicago Black Hawks vs 0 for Winnipeg Jets.
Shots for this period are 14 for Chicago Black Hawks vs 4 for Winnipeg Jets.
Back to the Top